 Seeded DCSS version 0.31-a0-210-gccc998df9b (webtiles) character file.

Game seed: 17845999815334807412 (custom seed)

123 rabbitsville the Trooper (level 5, -2/48 HPs)
             Began as a Hill Orc Fighter on June 30, 2023.
             Slain by a gnoll
             ... wielding a +0 halberd
              (8 damage)
             ... on level 4 of the Dungeon.
             The game lasted 00:04:49 (2400 turns).

rabbitsville the Trooper (Hill Orc Fighter)         Turns: 2400, Time: 00:04:49

Health: -2/48      AC: 10    Str: 21    XL:     5   Next: 7%
Magic:  5/5        EV:  7    Int:  8    God:
Gold:   150        SH:  4    Dex: 10    Spells: 4/4 levels left

rFire   . . .        a - +0 flail
rCold   + . .        c - +0 buckler
rNeg    . . .        q - +0 chain mail
rPois   .            j - +0 helmet
rElec   .            (no cloak)
rCorr   .            (no gloves)
SInv    +            (no boots)
Will    .....        (no amulet) Stlth
                     i - ring of protection from cold
HPRegen 0.28/turn    o - ring of see invisible
MPRegen 0.09/turn

%: no passive effects
@: no status effects
A: no striking features
a: no special abilities


You were on level 4 of the Dungeon.
You visited 1 branch of the dungeon, and saw 4 of its levels.

You collected 150 gold pieces.

Inventory:

Hand Weapons
 a - a +0 flail (weapon)
Missiles
 g - a throwing net
Armour
 b - a +0 scale mail
 c - a +0 buckler (worn)
 j - a +0 helmet (worn)
 q - a +0 chain mail (worn)
Jewellery
 i - a ring of protection from cold (left hand)
 m - a ring of fire
 o - a ring of see invisible (right hand)
Scrolls
 e - 2 scrolls of identify {unknown}
 h - a scroll of amnesia {unknown}
 l - a scroll of enchant armour {unknown}
 r - a scroll of vulnerability {unknown}
Potions
 d - a potion of might
 f - 2 potions of curing {unknown}
 k - 2 potions of lignification {unknown}
 n - 3 potions of invisibility {unknown}
 p - a potion of ambrosia {unknown}


   Skills:
 * Level 5.1 Fighting
 * Level 3.8 Maces & Flails
 - Level 3.2 Armour
 + Level 4.0 Shields


You had 4 spell levels left.
You didn't know any spells.
Your spell library contained the following spells:

 Spells                   Type           Power      Damage    Failure   Level
 Static Discharge         Conj/Air       0%         2-2/arc   99%         2
 Dazzling Flash           Conj/Hex       0%         N/A       100%        3
 Ignite Poison            Fire/Tmut/Pois 0%         N/A       100%        3
 Volatile Blastmotes      Fire/Tloc      0%         2d10      100%        3
 Airstrike                Air            0%         2d(0-16)  100%        4
 Iskenderun's Mystic Bla  Conj/Tloc      0%         2d3       100%        4
 Sticky Flame             Conj/Fire      0%         2d3       100%        4
 Summon Lightning Spire   Summ/Air       0%         N/A       100%        4
 Starburst                Conj/Fire      0%         6d3       100%        6
 Ignition                 Fire           0%         3d3       100%        8


Dungeon Overview and Level Annotations

Branches:
Dungeon (4/15)
 Temple: D:4-7

Altars:


Message History

The gnoll hits you from afar with a +0 halberd.
The gnoll hits you but does no damage.
You thump the gnoll!
You kill the gnoll!
The gnoll hits you from afar with a +0 halberd.
You see here 6 javelins.
The gnoll barely misses you.
You hit the gnoll.
The gnoll is severely wounded.
The gnoll completely misses you. The gnoll closely misses you.
You sock the gnoll!
You kill the gnoll!
The gnoll barely misses you.
Your Shields skill increases to level 4!
You have reached level 5!
You feel stronger. The gnoll hits you with a +0 halberd.
Items here: ( )) †.
You barely miss the gnoll.
An orc comes into view. It is wielding a +0 morningstar.
The gnoll hits you but does no damage.
You barely miss the gnoll.
The orc shouts!
The gnoll barely misses you. The gnoll hits you with a +0 halberd.
You hit the gnoll.
The gnoll is heavily wounded.
You block the gnoll's attack.
You barely miss the gnoll.
The gnoll is heavily wounded.
The gnoll hits you with a +0 halberd!
You barely miss the gnoll.
The gnoll is heavily wounded.
The gnoll hits you with a +0 halberd.
* * * LOW HITPOINT WARNING * * *
You barely miss the gnoll.
The gnoll is heavily wounded.
The gnoll hits you with a +0 halberd!
* * * LOW HITPOINT WARNING * * *
The gnoll hits you with a +0 halberd!
You die...

#. .....
##.###..g.
##...#....
#........
#.......
#.....o# #..
#g# #.# #g#
#.## #@# .>.#
#.# #..#
####(# #..#
#....# #..#
#.#### ##..#
#.# ##.#.##
#.#
#####.###.##
#.# #....##
##.# #.#
#.###.###..##


You could see 2 gnolls and an orc.

Vanquished Creatures
  Jessica (D:2)
  2 adders
  2 gnolls (D:4)
  3 dart slugs
  An orc (D:3)
  6 bats
  2 endoplasms
  4 giant cockroaches (D:1)
  2 goblins (D:1)
  4 hobgoblins
  9 jackals (D:1)
  A ball python (D:1)
  4 frilled lizards
  6 kobolds
  2 rats (D:1)
49 creatures vanquished.

Notes
Turn   | Place    | Note
-------+----------+-------------------------------------------
     0 | D:1      | rabbitsville the Hill Orc Fighter began the quest for the
                  | Orb.
     0 | D:1      | Reached XP level 1. HP: 19/19 MP: 1/1
   136 | D:1      | Reached XP level 2. HP: 18/27 MP: 2/2
   269 | D:1      | Reached skill level 4 in Fighting
   504 | D:1      | Reached XP level 3. HP: 30/33 MP: 3/3
  1086 | D:2      | Noticed Jessica
  1092 | D:2      | Killed Jessica
  1093 | D:2      | Reached XP level 4. HP: 41/41 MP: 4/4
  2301 | D:4      | Reached skill level 5 in Fighting
  2394 | D:4      | Reached XP level 5. HP: 29/48 MP: 5/5
  2400 | D:4      | Slain by a gnoll

Illustrated notes

Levels and vault maps discovered:
D:1:      lemuel_arrival_lava_pool, layout_basic
D:2:      layout_loops_corners, hangedman_glass_teeth, uniq_jessica
D:3:      layout_rooms
D:4:      layout_loops_ring, minmay_temple_entry_hall

Skill      XL: |  1  2  3  4 |
---------------+-------------+-----
Fighting       | 4 5 |  5.1
Maces & Flails | 3 |  3.8
Shields        | 4 |  4.0
Armour         | |  3.2

Action                     |  1- 3 |  4- 6 || total
---------------------------+-------+-------++-------
  Melee: Flail             |    99 |    61 ||   160
 Armour: Scale mail        |    56 |    15 ||    71
         Chain mail        |       |    10 ||    10
  Dodge: Dodged            |    70 |    28 ||    98
  Block: Buckler           |    30 |     9 ||    39

Table legend: (Time is in decaauts)
 A = Elapsed time spent in this place.
 B = Non-inter-level travel time spent in this place.
 C = Inter-level travel time spent in this place.
 D = Time resting spent in this place.
 E = Time spent auto-exploring this place.
 F = Levels seen in this place.
 G = Mean time per level.
                   A        B        C        D        E       F      G
               +--------+--------+--------+--------+--------+-----+--------+
         Total |   2443 |   2378 |     65 |      0 |   1768 |   4 |  610.8 |
       Dungeon |   2443 |   2378 |     65 |      0 |   1768 |   4 |  610.8 |
               +--------+--------+--------+--------+--------+-----+--------+

Top non-repeatable levels by time:
     D:1: 1012 daAuts
     D:2: 779 daAuts
     D:3: 488 daAuts
     D:4: 162 daAuts
